 Dungeon Crawl Stone Soup version 0.14-a0-1546-g4b4961f (webtiles) character file.

622 MirrMurr the Covert (level 6, -4/28 HPs)
             Began as a Spriggan Enchanter on Dec 19, 2013.
             Slain by a big kobold
             ... wielding a +3,+4 dwarven short sword
              (9 damage)
             ... in a sewer.
             The game lasted 00:13:45 (4356 turns).

MirrMurr the Covert (Spriggan Enchanter)            Turns: 4356, Time: 00:13:46

HP  -4/28        AC  3     Str  6      XL: 6   Next: 75%
MP   1/18        EV 18     Int 16      God:
Gold 170         SH  0     Dex 17      Spells:  2 memorised,  8 levels left

rFire  . . .     SeeInvis +     a - +1 dagger
rCold  . . .     Clarity  .     b - +1 robe
rNeg   . . .     Conserve .     (shield restricted)
rPois  .         rCorr    .     (helmet restricted)
rElec  .         rRot     .     (no cloak)
SustAb . .       Spirit   .     (gloves unavailable)
rMut   .         Warding  .     (boots unavailable)
Saprov . . .     Stasis   .     (no amulet)
                                (no ring)
                                (no ring)

@: very slightly contaminated, hasted, very quick, somewhat resistant to hostile
enchantments, very stealthy
A: unfitting armour, see invisible, herbivore 3, speed 3, slow metabolism 2
a: no special abilities


You were in a sewer.
You were not hungry.

You visited 1 branch of the dungeon, and saw 4 of its levels.
You also visited: Sewer.

You collected 170 gold pieces.

Inventory:

Hand weapons
 a - a +1,+1 dagger (weapon)
 m - a +3,+1 dwarven dagger
 p - a +2,+2 dagger of chaos
Missiles
 d - 12 darts (quivered)
Armour
 b - a +1 robe (worn)
 n - a +0 robe
 o - a +0 robe
 x - a +2 robe
Comestibles
 j - 3 bread rations
 k - a lychee
 C - a choko
Scrolls
 h - 2 scrolls of remove curse {unknown}
 i - a scroll of curse weapon {unknown}
 l - 2 scrolls of identify
 r - a scroll of random uselessness {unknown}
 u - a scroll of enchant armour {unknown}
 v - 2 scrolls of enchant weapon I {unknown}
 y - a scroll of curse armour {unknown}
Potions
 e - a potion of porridge
 f - a potion of brilliance
 q - 2 potions of heal wounds {unknown}
 s - a potion of curing {unknown}
 t - 2 potions of poison {unknown}
 w - a potion of might {unknown}
 z - a potion of cure mutation {unknown}
 A - a potion of berserk rage {unknown}
 B - a potion of decay {unknown}
Books
 c - a book of Maledictions

   Spells                             Type                      Level
   *Corona                            Hexes                        1
   Sure Blade                         Hexes/Charms                 2
   *Ensorcelled Hibernation           Hexes/Ice                    2
   Confuse                            Hexes                        3
   Enslavement                        Hexes                        4
   Invisibility                       Hexes                        6
Carrion
 D - a jackal corpse


   Skills:
 * Level 4.4 Short Blades
 - Level 1.1 Throwing
 - Level 3.0 Dodging
 * Level 9.3 Stealth
 + Level 3.1 Spellcasting
 - Level 3.6 Hexes


You had 8 spell levels left.
You knew the following spells:

 Your Spells              Type           Power        Failure   Level  Hunger
a - Ensorcelled Hibernat  Hex/Ice        #.....       14%         2    ##.....
Z - Corona                Hex            ##.....      6%          1    None


Dungeon Overview and Level Annotations

Branches:
Dungeon (4/16)
 Temple: D:4-7

Altars:
Sif Muna
Xom


Innate Abilities, Weirdness & Mutations

You are tiny and cannot use many weapons and most armour.
You have supernaturally acute eyesight.
You are a herbivore.
You cover ground extremely quickly.
You need consume almost no food.


Message History

* * * LOW HITPOINT WARNING * * *
You hit the big kobold.
The big kobold is moderately wounded.
You hit the big kobold.
The big kobold is moderately wounded.
You hit the big kobold.
The big kobold is moderately wounded.
The big kobold misses you.
You hit the big kobold.
The big kobold is heavily wounded.
You hit the big kobold but do no damage.
The big kobold is heavily wounded.
The big kobold hits you with a glowing dwarven short sword.
* * * LOW HITPOINT WARNING * * *
You hit the big kobold.
The big kobold is heavily wounded.
You barely miss the big kobold.
The big kobold is heavily wounded.
The big kobold hits you with a glowing dwarven short sword!
You die... ####################### ≈≈≈≈≈≈≈≈≈......K@∩..%.# #######################

You could see a big kobold.

Vanquished Creatures
  An ogre (D:4)
  Sigmund (D:3)
  A crimson imp (D:4)
  A big fish (Sewer)
  A worker ant (D:4)
  Ijyb (D:3)
  Terence (D:3)
  7 adders
  A green rat (D:4)
  A giant mite (D:2)
  2 grey rats (Sewer)
  5 giant geckos
  An orc (D:3)
  2 ball pythons
  9 giant cockroaches
  11 goblins
  8 hobgoblins
  4 jackals
  5 bats
  8 giant newts
  16 kobolds
  11 rats
98 creatures vanquished.

Notes
Turn   | Place    | Note
--------------------------------------------------------------
     0 | D:1      | MirrMurr, the Spriggan Enchanter, began the quest for the Orb.
     0 | D:1      | Reached XP level 1. HP: 9/9 MP: 4/4
    67 | D:1      | Reached skill level 4 in Stealth
   374 | D:1      | Reached XP level 2. HP: 8/13 MP: 7/7
   478 | D:1      | Learned a level 2 spell: Ensorcelled Hibernation
   858 | D:1      | Reached skill level 5 in Stealth
  1494 | D:1      | Reached XP level 3. HP: 16/16 MP: 3/9
  1874 | D:2      | Reached skill level 6 in Stealth
  2200 | D:2      | Reached XP level 4. HP: 21/21 MP: 6/12
  2351 | D:2      | Found a shimmering altar of Xom.
  2463 | D:2      | Found a deep blue altar of Sif Muna.
  2463 | D:2      | Found a shimmering altar of Xom.
  2715 | D:3      | Noticed Sigmund
  2725 | D:3      | Noticed Terence
  3025 | D:3      | Killed Sigmund
  3025 | D:3      | Reached skill level 7 in Stealth
  3025 | D:3      | Reached XP level 5. HP: 20/24 MP: 11/14
  3035 | D:3      | Noticed Ijyb
  3061 | D:3      | Killed Ijyb
  3440 | D:3      | Reached skill level 8 in Stealth
  3848 | D:3      | Killed Terence
  3909 | D:4      | Noticed an ogre
  3928 | D:4      | Killed an ogre
  3928 | D:4      | Reached XP level 6. HP: 28/28 MP: 10/17
  4037 | D:4      | Reached skill level 9 in Stealth
  4107 | D:4      | Found a glowing drain.
  4172 | Sewer    | Entered a sewer
  4356 | Sewer    | Slain by a big kobold

Action                   |  1- 3 |  4- 6 || total
-------------------------+-------+-------++-------
Melee: Dagger            |   144 |   211 ||   355
 Cast: Ensorcelled Hiber |     6 |    40 ||    46
  Use: Scroll            |       |     4 ||     4
       Potion            |       |     1 ||     1
 Stab: Sleeping          |    14 |    26 ||    40
